 Dungeon Crawl Stone Soup version 0.31-a0-1074-g0b22e4e0f1 (webtiles) character file.

Game seed: 13125941010774136955

7993 jasper the Cleaver (level 11, -16/97 HPs)
             Began as a Meteoran Cinder Acolyte on Dec 1, 2023.
             Was an Initiate of Okawaru.
             Demolished by a tengu warrior
             ... wielding a +0 battleaxe
              (18 damage)
             ... on level 11 of the Dungeon on Dec 5, 2023.
             The game lasted 00:16:10 (2616 turns).

jasper the Cleaver (Meteoran Cinder Acolyte)        Turns: 2616, Time: 00:16:11

Health: -16/97     AC: 11    Str: 17    XL:     11   Next: 75%
Magic:  14/14      EV: 19    Int: 17    God:    Okawaru [......]
Gold:   187        SH:  0    Dex: 15    Spells: 12/12 levels left

rFire   . . .        p - +7 executioner's axe "Muewuwoi" {heavy, rF++ Dex+3}
rCold   . . .        (shield currently unavailable)
rNeg    . . .        A - +3 ring mail
rPois   .            u - +0 helmet
rElec   .            (no cloak)
rCorr   .            (no gloves)
SInv    .            (no boots)
Will    +....        (no amulet)
Stlth   +            o - +5 ring of evasion
HPRegen 0.36/turn    t - +4 ring of slaying
MPRegen 0.14/turn

%: no passive effects
@: glowing, invisible (but backlit and visible), fire susceptible
A: sense surroundings 2, otherworldly, glowing, explore regen
a: Renounce Religion


You were on level 11 of the Dungeon.
You worshipped Okawaru.
Okawaru was noncommittal.
You visited 1 branch of the dungeon, and saw 11 of its levels.
You also visited: Bailey.

You collected 187 gold pieces.

Inventory:

Hand Weapons
 a - a +0 hand axe of flaming
 f - a +0 sling
 p - the +7 executioner's axe "Muewuwoi" (weapon) {heavy, rF++ Dex+3}
   (You found it in a bailey)

   Dex+3:     It affects your dexterity (+3).
   rF++:      It greatly protects you from fire.
 x - the +10 spear of Guilt {drain, rCorr Int+3 Dex+3}
   (You found it on level 5 of the Dungeon)

   Int+3:     It affects your intelligence (+3).
   Dex+3:     It affects your dexterity (+3).
   rCorr:     It protects you from acid and corrosion.
 y - the +8 mace of Wiudyz Ruga {freeze, rElec MP+9 Int-2}
   (You found it on level 5 of the Dungeon)

   Int-2:     It affects your intelligence (-2).
   rElec:     It insulates you from electricity.
   MP+9:      It affects your magic capacity (+9).
Missiles
 B - 5 javelins
 C - 3 curare-tipped darts
Armour
 b - a +0 robe
 d - a +0 ring mail
 h - a +0 scale mail
 i - a +0 kite shield
 j - a +0 chain mail
 l - a +3 plate armour
 u - a +0 helmet (worn)
 A - a +3 ring mail (worn)
Jewellery
 n - an amulet of magic regeneration
 o - a +5 ring of evasion (left hand)
 t - a +4 ring of slaying (right hand)
 w - a +4 ring of protection
Wands
 s - a wand of charming (3)
Scrolls
 c - a scroll of teleportation
 q - 3 scrolls of enchant armour
Potions
 e - a potion of brilliance
 g - a potion of magic
 k - a potion of attraction


   Skills:
 + Level 9.0 Fighting
 * Level 13.3 Axes
 + Level 8.3 Armour
 + Level 8.3 Dodging
 - Level 1.3 Spellcasting
 - Level 3.6 Fire Magic
 + Level 0.1 Invocations


You had 12 spell levels left.
You didn't know any spells.
Your spell library contained the following spells:

 Spells                   Type           Power      Damage    Failure   Level
 Scorch                   Fire           26%        2d6       12%         2
 Ensorcelled Hibernation  Hex/Ice        2%         N/A       45%         2
 Passwall                 Tmut/Erth      0%         N/A       45%         2
 Swiftness                Air            1%         N/A       71%         3


Dungeon Overview and Level Annotations

Branches:
Dungeon (11/15) Zot: 4316  Temple (0/1) D:4             Orc (0/2) D:10
 Bailey (visited)
   Lair: D:8-11

Altars:
Ashenzari
Okawaru
Ru
Xom
Yredelemnul


Innate Abilities, Weirdness & Mutations

You passively map the area around you.
You are easily found by Zot.
You glow in the dark.
You regain HP and MP as you explore.


Message History

You take 15 damage, and have 11/97 hp.
It was a potion of heal wounds.
You feel much better.
The tengu warrior hits you with a +0 battleaxe.
The tengu warrior closely misses you.
The tengu warrior claws you but does no damage.
The tengu warrior hits you with a +0 long sword!
* * * LOW HITPOINT WARNING * * *
The tengu warrior pecks you but does no damage.
The tengu warrior claws you but does no damage.
You regained 8 hp, and now have 19/97 hp.
You feel better.
The tengu warrior hits you with a +0 battleaxe!!
* * * LOW HITPOINT WARNING * * *
The tengu warrior pecks you but does no damage.
The tengu warrior misses you. The tengu warrior closely misses you.
The tengu warrior pecks you but does no damage.
The tengu warrior claws you but does no damage.
You take 9 damage, and have 10/97 hp.
The tengu warrior blocks your attack.
You slash the tengu warrior!
The tengu warrior hits you with a +0 long sword.
* * * LOW HITPOINT WARNING * * *
The tengu warrior misses you. The tengu warrior claws you.
* * * LOW HITPOINT WARNING * * *
The tengu warrior barely misses you. The tengu warrior misses you.
The tengu warrior closely misses you. x2
The tengu warrior pecks you but does no damage.
The tengu warrior claws you but does no damage.
The tengu warrior closely misses you.
The tengu warrior pecks you but does no damage.
The tengu warrior barely misses you.
You take 8 damage, and have 2/97 hp.
As you read the scroll of fear, it crumbles to dust.
You assume a fearsome visage.
The killer bee looks frightened! x2
The tengu warrior easily resists.
The tengu warrior resists with some effort.
The tengu warrior completely misses you.
The tengu warrior pecks you but does no damage.
The tengu warrior claws you but does no damage.
The tengu warrior hits you with a +0 battleaxe!!
You die...

* ,,#.####
#...... * * * ,
#....# #.##### ,
,* .. #....# ###
#. ^ . ,...#....#
...# #, ##
,........##...##
* * #. *
,.......y.y.....,
#.... ***
...####..!....# *
##### ,* ,
#Q##....# , .....
, *,#@#*,...# ,
,..### * , #..Q.#
,..#* ,....~ *
#...#..# .# ,
~~~~~ * ###.#..#
# , ~≈≈~≈ * *, #
#..# * ~ ≈≈≈≈~ *,
,#..# , *#≈≈≈~ ,*
* ,#..# ** ###≈≈
* * #..# , ### ,
,, , , #


You could see 2 tengu warriors and 2 killer bees.

Vanquished Creatures
  Snorg (D:10)
  A two-headed ogre (D:9)
  The ghost of Midpoint the Conjurer, a novice DECj (D:4)
  Grinder (D:3)
  A troll (D:10)
  A hornet (D:8)
  A shadow (D:11)
  A wraith (D:6)
  10 yaks
  A steam dragon (D:8)
  3 water moccasins
  An acid dragon (D:8)
  2 sky beasts
  An ice beast (D:7)
  8 orc warriors
  A black bear (D:10)
  5 centaurs (Bailey)
  A phantom (D:5)
  2 bullfrogs
  3 scorpions
  17 killer bees
  4 howler monkeys
  An electric eel (D:11)
  A jelly (D:4)
  2 hounds
  5 orc priests
  A sleepcap (D:5)
  Ijyb (D:4)
  An iguana (D:7)
  10 orc wizards
  6 adders
  2 white imps
  3 dart slugs
  34 orcs
  5 endoplasms
  2 goblins
  4 hobgoblins
  A jackal (D:3)
  2 kobolds
  2 quokkas
  4 ball pythons
  4 bats
  2 frilled lizards (D:3)
  3 rats
163 creatures vanquished.

Vanquished Creatures (collateral kills)
  An orc warrior (Bailey)
  A centaur (Bailey)
2 creatures vanquished.

Vanquished Creatures (others)
  An orc (D:11)
1 creature vanquished.

Grand Total: 166 creatures vanquished

Notes
Turn   | Place    | Note
-------+----------+-------------------------------------------
     0 | D:1      | jasper the Meteoran Cinder Acolyte began the quest for the
                  | Orb.
     0 | D:1      | Reached XP level 1. HP: 19/19 MP: 3/3
    85 | D:1      | Reached XP level 2. HP: 20/26 MP: 5/5
   117 | D:2      | Reached skill level 4 in Axes
   221 | D:2      | Reached skill level 1 in Armour
   221 | D:2      | Reached skill level 1 in Dodging
   221 | D:2      | Reached XP level 3. HP: 26/31 MP: 6/6
   237 | D:3      | Noticed Grinder
   253 | D:3      | Killed Grinder
   254 | D:3      | Reached skill level 5 in Axes
   254 | D:3      | Reached XP level 4. HP: 18/40 MP: 7/7
   254 | D:3      | Reached XP level 5. HP: 21/46 MP: 8/8
   254 | D:3      | Reached XP level 6. HP: 24/52 MP: 9/9
   342 | D:3      | Found a sacrificial altar of Ru.
   466 | D:4      | Found a runed translucent door.
   469 | D:4      | Noticed Midpoint's ghost (novice DECj)
   486 | D:4      | Killed Midpoint's ghost
   487 | D:4      | Reached skill level 6 in Axes
   487 | D:4      | Reached XP level 7. HP: 55/60 MP: 10/10
   551 | D:4      | Noticed Ijyb
   551 | D:4      | Found a basalt altar of Yredelemnul.
   581 | D:4      | Killed Ijyb
   623 | D:4      | Found a staircase to the Ecumenical Temple.
   681 | D:5      | Entered Level 5 of the Dungeon
   688 | D:5      | Found a broken altar of Ashenzari.
   701 | D:5      | Noticed a water moccasin
   709 | D:5      | Killed a water moccasin
   710 | D:5      | Reached skill level 5 in Fighting
   710 | D:5      | Reached skill level 7 in Axes
   710 | D:5      | Reached XP level 8. HP: 60/68 MP: 11/11
   727 | D:5      | Identified the +10 spear of Guilt {drain, rCorr Int+3
                  | Dex+3}
   733 | D:5      | Found a shimmering altar of Xom.
   759 | D:5      | Identified the +8 mace of Wiudyz Ruga {freeze, rElec MP+9
                  | Int-2}
   860 | D:6      | Noticed a wraith
   879 | D:6      | Killed a wraith
   880 | D:6      | Reached skill level 8 in Axes
   949 | D:6      | Gained mutation: You passively map the area around you.
                  | [Meteoran growth]
   949 | D:6      | Reached XP level 9. HP: 75/75 MP: 12/12
  1171 | D:7      | Reached skill level 5 in Armour
  1176 | D:7      | Reached skill level 5 in Dodging
  1183 | D:7      | Reached skill level 9 in Axes
  1389 | D:8      | Reached skill level 10 in Axes
  1405 | D:8      | Reached XP level 10. HP: 84/84 MP: 13/13
  1657 | D:9      | Reached skill level 11 in Axes
  1700 | D:10     | Entered Level 10 of the Dungeon
  1747 | D:10     | Found an iron altar of Okawaru.
  1779 | D:10     | Reached XP level 11. HP: 92/94 MP: 14/14
  1819 | D:10     | Reached skill level 12 in Axes
  1840 | D:10     | Noticed Snorg
  1850 | D:10     | Killed Snorg
  1903 | D:9      | Noticed a two-headed ogre
  1912 | D:9      | Killed a two-headed ogre
  1973 | D:10     | Found a staircase to the Orcish Mines.
  2004 | D:10     | Found a flagged portal.
  2021 | Bailey   | Entered a bailey
  2164 | Bailey   | Reached skill level 13 in Axes
  2219 | Bailey   | Identified the +7 executioner's axe "Muewuwoi" {heavy, rF++
                  | Dex+3}
  2413 | D:11     | Identified the +2 quarterstaff of Wuyh {freeze, Int+2 Dex-5
                  | SInv}
  2565 | D:10     | Fell from the grace of Ignis
  2565 | D:10     | Became a worshipper of Warmaster Okawaru
  2602 | D:11     | Noticed a tengu warrior
  2602 | D:11     | Noticed a tengu warrior
  2615 | D:11     | HP: 2/97 [tengu warrior/+0 long sword (3)]
  2616 | D:11     | Demolished by a tengu warrior

Illustrated notes

Levels and vault maps discovered:
D:1:      zelgadis_glass_arrival_small, layout_rooms
D:2:      minmay_roachtagon, layout_loops_corners,
          shapermc_ecumenical_altar_pompeii, minmay_pentomino_s4, uniq_jessica
D:3:      layout_basic, nicolae_ru_great_annihilating_truth, uniq_grinder
D:4:      layout_basic, mainiacjoe_overflow_alcove_1,
          mainiacjoe_overflow_concentric_impassable, minmay_temple_entry_tees,
          hellmonk_ghost_happy_afterlife, uniq_ijyb
D:5:      layout_basic, mainiacjoe_overflow_paths, grunt_gozag_statues,
          mainiacjoe_overflow_small_starburst, serial_shops,
          nicolae_shop_real_fake_doors, minmay_fire_ice_demons
D:6:      minmay_flawed_box, layout_basic, feat_on_display
D:7:      minmay_the_grid_plus [minmay_the_grid_garden,
          minmay_the_grid_diamond_grid, minmay_the_grid_mess,
          minmay_the_grid_gridbox, minmay_the_grid_prize_inner_circle],
          layout_basic, mainiacjoe_overflow_six_doors_small
D:8:      layout_loops_ring, serial_glass, glass_columns_b, glass_columns_b,
          glass_columns_a, glass_columns_c, glass_columns_a, glass_columns_a,
          serial_shops, nicolae_take_the_stairs
D:9:      layout_stronghold, gammafunk_ghost_cemetery, nicolae_zig_zag_zippers,
          uniq_pikel
D:10:     layout_roguey, okawaru_ov_weapons_minmay, due_lair_maze_entry_diamond,
          orc_0_dummy, enter_bailey_4, uniq_amaemon, uniq_snorg
D:11:     statuecave_lemuel, layout_basic

Skill      XL: |  1  2  3  4  5  6  7  8  9 10 11 |
---------------+----------------------------------+-----
Axes           | 4 5 6 7 8 10 11 13 | 13.3
Armour         | 1 2 3 4 5 7 8 |  8.3
Dodging        | 1 2 3 4 5 7 8 |  8.3
Fighting       | 4 5 6 8 9 |  9.0
Spellcasting   | |  1.3
Fire Magic     | |  3.6
Invocations    | |  0.1

Action                     |  1- 3 |  4- 6 |  7- 9 | 10-12 || total
---------------------------+-------+-------+-------+-------++-------
  Melee: Hand axe          |    48 |    21 |    34 |       ||   103
         Spear             |       |       |   109 |   223 ||   332
         Punch             |       |       |     1 |     4 ||     5
         Executioner's axe |       |       |       |    14 ||    14
 Invoke: Fiery Armour      |     1 |     1 |     3 |     2 ||     7
  Evoke: Wand              |       |       |       |     1 ||     1
    Use: Scroll            |       |       |     6 |     7 ||    13
         Potion            |       |       |       |     4 ||     4
   Stab: Paralysed         |       |     1 |       |       ||     1
         Betrayed ally     |       |       |       |     1 ||     1
 Armour: Ring mail         |    41 |       |    48 |   123 ||   212
         Scale mail        |       |    13 |    22 |       ||    35
  Dodge: Dodged            |    36 |    12 |   126 |   208 ||   382

Table legend: (Time is in decaauts)
 A = Elapsed time spent in this place.
 B = Non-inter-level travel time spent in this place.
 C = Inter-level travel time spent in this place.
 D = Time resting spent in this place.
 E = Time spent auto-exploring this place.
 F = Levels seen in this place.
 G = Mean time per level.
                   A        B        C        D        E       F      G
               +--------+--------+--------+--------+--------+-----+--------+
         Total |   2580 |   2351 |    229 |    100 |     42 |  12 |  215.0 |
       Dungeon |   2282 |   2053 |    229 |    100 |     42 |  11 |  207.5 |
        Bailey |    297 |    297 |      0 |      0 |      0 |   1 |  297.0 |
               +--------+--------+--------+--------+--------+-----+--------+

Top non-repeatable levels by time:
    D:10: 441 daAuts
     D:8: 332 daAuts
  Bailey: 297 daAuts
     D:6: 274 daAuts
     D:3: 237 daAuts
     D:4: 219 daAuts
     D:5: 186 daAuts
    D:11: 145 daAuts
     D:2: 117 daAuts
     D:9: 113 daAuts
     D:1: 111 daAuts
     D:7: 103 daAuts
